[Event "Team 45 45 League T29"]
[Site "Internet Chess Club"]
[Date "2005.12.16"]
[Round "1"]
[White "room-matt"]
[Black "klendathu"]
[Result "1-0"]
[WhiteElo "1853"]
[BlackElo "1654"]
[TimeControl "2700+45"]

1. e4 e6 2. d4 d5 3. Nc3 Bb4 4. e5 a6 5. Bd2 c5 6. a3 Bxc3 7. Bxc3 cxd4 8. Qxd4
Nc6 9. Qg4 g6 10. Nf3 Nge7 11. Bd2 Nf5 12. Bd3 h5 13. Qf4 Qc7 14. O-O Bd7 15. b4
Na7 16. a4 Rf8 17. b5 a5 18. Rab1 b6 19. Bxa5 bxa5 20. b6 Qb7 21. bxa7 Qxa7 22.
Ng5 Ke7 23. Nh7 Rfb8 24. Qg5+ Ke8 25. Nf6+ Kd8 26. Nxd5+ Kc8 27. Ne7+ Kc7 28.
Nxf5 exf5 29. Qe7 Re8 30. Qxf7 Kd8 31. Qxg6 Rxe5 32. Qf6+ Re7 33. Rfd1 Ke8 34.
Qg6+ Kf8 35. Bc4 Rg7 36. Qf6+ Ke8 {Black resigns} 1-0  aics%

[Event "Team 45 45 League T29"]
[Site "Internet Chess Club"]
[Date "2005.12.15"]
[Round "1"]
[White "charles-allen"]
[Black "Rainbird"]
[Result "1/2-1/2"]
[WhiteElo "1534"]
[BlackElo "1613"]
[TimeControl "2700+45"]

1. e4 e5 2. d4 exd4 3. c3 d5 4. exd5 Qxd5 5. cxd4 Nc6 6. Nf3 Bg4 7. Be2 Bb4+ 8.
Nc3 Bxf3 9. Bxf3 Qc4 10. Bxc6+ bxc6 11. Bd2 Nf6 12. Rc1 Qxd4 13. O-O O-O 14. Qc2
Bd6 15. Be3 Qh4 16. h3 Rfe8 17. Rfe1 a6 18. Qa4 Qxa4 19. Nxa4 Nd5 20. Bc5 Rxe1+
21. Rxe1 Kf8 22. Rc1 Ke7 23. Bd4 g6 24. Rxc6 Kd7 25. Rc1 Nf4 26. Kf1 Rb8 27. b3
Nd5 28. Nc5+ {Game drawn by mutual agreement} 1/2-1/2  aics%

[Event "Team 45 45 League T29"]
[Site "Internet Chess Club"]
[Date "2005.12.19"]
[Round "1"]
[White "clarinetref"]
[Black "BraafPaard"]
[Result "1-0"]
[WhiteElo "1551"]
[BlackElo "1503"]
[TimeControl "2700+45"]

1. Nf3 d5 2. c4 dxc4 3. e4 e5 4. Nxe5 Qd4 5. Nxc4 Qxe4+ 6. Ne3 Nf6 7. Nc3 Qe7 8.
Be2 g6 9. O-O Bg7 10. Bf3 c6 11. Re1 Be6 12. a3 O-O 13. b4 Rd8 14. Qc2 Nbd7 15.
Bb2 Ne5 16. Be2 Qc7 17. h3 a6 18. Na4 Ned7 19. d4 Nd5 20. Ng4 h5 21. Nh2 b6 22.
Qd2 b5 23. Nc3 Nxc3 24. Bxc3 Nb6 25. Nf3 Nd5 26. Bb2 Nb6 27. Bc3 Rd6 28. Red1
Re8 29. Rac1 Bc4 30. Bxc4 Nxc4 31. Qa2 Rdd8 32. Qa1 Bh6 33. Rc2 Bg7 34. Nd2 Re2
35. Ra2 Qf4 36. Nf3 Rxa2 37. Qxa2 Re8 38. Qa1 Kf8 39. d5 Bxc3 40. Qxc3 Qd6 41.
Qh8+ Ke7 42. Re1+ {Black resigns} 1-0  aics%

[Event "Team 45 45 League T29"]
[Site "Internet Chess Club"]
[Date "2005.12.18"]
[Round "1"]
[White "john-beebs"]
[Black "Just-Jim"]
[Result "1-0"]
[WhiteElo "1544"]
[BlackElo "1516"]
[TimeControl "2700+45"]

1. e4 e5 2. Nf3 Nc6 3. Nc3 Bc5 4. Nxe5 Nxe5 5. d4 Nf3+ 6. Qxf3 Bxd4 7. Bc4 Nf6
8. Qg3 O-O 9. Nb5 Re8 10. O-O Be5 11. Qb3 Re7 12. Bg5 c6 13. f4 cxb5 14. Bxf7+
Rxf7 15. fxe5 d5 16. exf6 h6 17. Bh4 g5 18. Bg3 Qb6+ 19. Kh1 Be6 20. exd5 Bg4
21. d6 Be2 22. Rfe1 Bc4 23. Qf3 Raf8 24. Be5 b4 25. Qf5 Kh8 26. Qg6 Qd8 27.
Qxh6+ Kg8 28. Qxg5+ Kh7 29. Qh4+ Kg8 30. Qxc4 Kh7 31. Re3 Qe8 32. Qe4+ Kg8 33.
Rg3+ Kh8 34. Qh4+ Rh7 35. Qd4 Qf7 36. d7 Rd8 37. Rg7 Rxg7 38. fxg7+ Kg8 39. Rd1
Qxa2 40. Bf6 Rxd7 41. Qxd7 a5 42. Qd8+ Kh7 43. g8=Q+ Qxg8 44. Qxg8+ Kxg8 45. Rd7
b5 46. Rb7 a4 47. Rxb5 Kf7 48. Bd4 a3 49. bxa3 bxa3 50. Ra5 a2 51. Rxa2 {Black
resigns} 1-0  aics%

[Event "Team 45 45 League T29"]
[Site "Internet Chess Club"]
[Date "2005.12.16"]
[Round "1"]
[White "ElmerHo"]
[Black "Chessnut"]
[Result "0-1"]
[WhiteElo "1681"]
[BlackElo "1792"]
[TimeControl "2700+45"]

1. e4 e5 2. Nf3 Nc6 3. Bb5 a6 4. Ba4 Nf6 5. O-O Be7 6. Re1 b5 7. Bb3 O-O 8. h3
d6 9. c3 Na5 10. Bc2 c5 11. d4 cxd4 12. cxd4 Bb7 13. d5 Nc4 14. a4 bxa4 15. Bxa4
Nb6 16. Bc2 h6 17. Nbd2 Qc7 18. Bd3 Rfc8 19. Qe2 a5 20. Nf1 Nfd7 21. Bd2 a4 22.
Ne3 Nc5 23. Bc2 Ba6 24. Qd1 Bb5 25. Bb4 Qd7 26. Bxc5 Rxc5 27. Bd3 Nc4 28. Nxc4
Bxc4 29. Bxc4 Rxc4 30. Qd2 Qb5 31. Rec1 Rxe4 32. Re1 Rxe1+ 33. Rxe1 Rb8 34. Re2
Qb3 35. Qc3 Qxd5 {White resigns} 0-1  aics%

[Event "Team 45 45 League T29"]
[Site "Internet Chess Club"]
[Date "2005.12.19"]
[Round "1"]
[White "RingLord"]
[Black "Bowlomeat"]
[Result "1-0"]
[WhiteElo "1662"]
[BlackElo "1646"]
[TimeControl "2700+45"]

1. e4 e5 2. Nc3 Nf6 3. Bc4 Nc6 4. d3 Na5 5. Bb3 Nxb3 6. axb3 Bb4 7. Nf3 d6 8.
O-O c6 9. Bg5 Be6 10. Ne2 h6 11. Be3 O-O 12. c3 Bc5 13. Ng3 Bxe3 14. fxe3 Qb6
15. d4 Bxb3 16. Qd2 Bc4 17. Rf2 Ng4 18. Nf5 Qc7 19. h3 Nxf2 20. Qxf2 Be6 21. Ng3
Qe7 22. Nh5 g6 23. Qg3 Kh8 24. dxe5 d5 25. Nf6 dxe4 26. Qh4 h5 27. Qg5 Qxf6 28.
Qxf6+ Kh7 29. Ng5+ Kg8 30. Nxe4 a6 31. Qf4 Bf5 32. Nf6+ Kg7 33. g4 hxg4 34. hxg4
Be6 35. Ne4 Rh8 36. Qf6+ Kg8 37. Ng5 Re8 38. Rf1 {Black resigns} 1-0  aics%

[Event "Team 45 45 League T29"]
[Site "Internet Chess Club"]
[Date "2005.12.16"]
[Round "1"]
[White "one-over"]
[Black "jacknor"]
[Result "0-1"]
[WhiteElo "1456"]
[BlackElo "1584"]
[TimeControl "2700+45"]

1. e4 e6 2. d4 d5 3. exd5 exd5 4. Nc3 Be6 5. Nf3 Be7 6. Bd3 Nd7 7. O-O h6 8. Be3
Ngf6 9. Ne2 Ne4 10. Bxe4 dxe4 11. Nd2 f5 12. c4 Nf6 13. d5 Bf7 14. h3 Qd7 15. f3
a6 16. fxe4 fxe4 17. Ng3 Bg6 18. Qc2 O-O-O 19. Rae1 Rde8 20. a3 Bd6 21. Ne2 Bf5
22. c5 Nxd5 23. c6 bxc6 24. Bf4 Bxf4 25. Nxf4 e3 26. Nxd5 Bxc2 {White resigns}
0-1  aics%

[Event "Team 45 45 League T29"]
[Site "Internet Chess Club"]
[Date "2005.12.16"]
[Round "1"]
[White "EyeAm"]
[Black "Lyko"]
[Result "1-0"]
[WhiteElo "1292"]
[BlackElo "1507"]
[TimeControl "2700+45"]

1. e4 e5 2. Nf3 Nc6 3. Bc4 Bc5 4. c3 h6 5. d4 exd4 6. cxd4 Bb4+ 7. Bd2 Bxd2+ 8.
Nbxd2 d6 9. d5 Ne5 10. Nxe5 dxe5 11. Bb5+ Bd7 12. Bxd7+ Qxd7 13. O-O Nf6 14. Qb3
b6 15. Qg3 O-O 16. Qxe5 Rfe8 17. Qf4 Rad8 18. Rac1 c5 19. Rfd1 Qd6 20. Qxd6 Rxd6
21. f3 Nh5 22. Nc4 Rg6 23. d6 Nf4 24. Rd2 Rd8 25. d7 Ne6 26. Ne5 Rg5 27. Nc6 Nd4
28. Nxd4 cxd4 29. Rc8 {Black resigns} 1-0  aics%

[Event "Team 45 45 League T29"]
[Site "Internet Chess Club"]
[Date "2005.12.18"]
[Round "1"]
[White "Gregorio"]
[Black "syy89"]
[Result "0-1"]
[WhiteElo "2077"]
[BlackElo "2075"]
[TimeControl "2700+45"]

1. e4 c5 2. Nf3 Nc6 3. Bb5 g6 4. O-O Bg7 5. c3 Nf6 6. Re1 O-O 7. d4 d5 8. exd5
Qxd5 9. c4 Qd6 10. d5 Nd4 11. Nxd4 cxd4 12. Nd2 a6 13. Ba4 b5 14. Bb3 Bb7 15.
cxb5 axb5 16. Nf3 Bxd5 17. Nxd4 Bxb3 18. Nxb3 Nd5 19. a3 Ra4 20. Qd3 Qc6 21. Rb1
e6 22. Bd2 Qb6 23. Rec1 Rd8 24. Qf3 h5 25. Nc5 Rc4 26. b4 Rd4 27. Rc2 Qb8 28.
Bg5 Re8 29. Nb3 Rg4 30. Bd2 Qd6 31. h3 Rc4 32. Rbc1 Nb6 33. Na5 Rxc2 34. Rxc2
Nc4 35. Nxc4 bxc4 36. Qe2 Ra8 37. Qxc4 Rxa3 38. Qc5 Ra1+ 39. Rc1 Qxd2 {White
resigns} 0-1  aics%

[Event "Team 45 45 League T29"]
[Site "Internet Chess Club"]
[Date "2005.12.16"]
[Round "1"]
[White "baumhauer"]
[Black "elnik"]
[Result "0-1"]
[WhiteElo "1860"]
[BlackElo "1971"]
[TimeControl "2700+45"]

1. d4 Nf6 2. c4 g6 3. Nc3 Bg7 4. e4 d6 5. Nf3 O-O 6. Be2 e5 7. O-O Nc6 8. d5 Ne7
9. b4 a5 10. Ba3 axb4 11. Bxb4 Nd7 12. Ne1 f5 13. Nd3 b6 14. a4 Nf6 15. exf5
gxf5 16. a5 bxa5 17. Bxa5 f4 18. Nb5 Ne8 19. Nxc7 Nxc7 20. Bxc7 Rxa1 21. Qxa1
Qxc7 {White resigns} 0-1  aics%

[Event "Team 45 45 League T29"]
[Site "Internet Chess Club"]
[Date "2005.12.18"]
[Round "1"]
[White "alexcolins"]
[Black "six-killer"]
[Result "1-0"]
[WhiteElo "1787"]
[BlackElo "1798"]
[TimeControl "5400+5"]

1. d4 Nf6 2. Nf3 e6 3. e3 c5 4. Bd3 cxd4 5. exd4 b6 6. O-O Be7 7. c4 Bb7 8. Nc3
O-O 9. d5 exd5 10. cxd5 Qc7 11. Nb5 Qc8 12. d6 Bd8 13. Bg5 Na6 14. Rc1 Bc6 15.
Re1 Qb7 16. Nbd4 Nc5 17. Bb1 Be4 18. Bxf6 Bxf6 19. b4 Bxb1 20. Rxb1 Ne4 21. Ne2
Bc3 22. Rf1 Rac8 23. Qd3 Bf6 24. h4 Nc3 25. Nxc3 Rxc3 26. Qf5 Qc6 27. Rfd1 Re8
28. b5 Qc8 29. Re1 Rxe1+ 30. Rxe1 Rc1 31. Rxc1 Qxc1+ 32. Kh2 Qc8 33. g4 Qe8 34.
g5 Bc3 35. Qd3 Be5+ 36. Kg2 Qe6 37. Qe4 g6 38. Qxe5 Qg4+ 39. Qg3 Qc4 40. Ne5
Qd5+ 41. Kh2 Qxb5 42. Qf4 f5 43. gxf6 {Black forfeits on time} 1-0  aics%

[Event "Team 45 45 League T29"]
[Site "Internet Chess Club"]
[Date "2005.12.18"]
[Round "1"]
[White "onslaught"]
[Black "Sir-Knightly"]
[Result "1-0"]
[WhiteElo "2172"]
[BlackElo "2096"]
[TimeControl "2700+45"]

1. e4 e6 2. d4 d5 3. Nd2 dxe4 4. Nxe4 Bd7 5. Nf3 Bc6 6. Bd3 Nd7 7. O-O Ngf6 8.
Ned2 Be7 9. Re1 O-O 10. Nc4 Bxf3 11. Qxf3 c5 12. dxc5 Nxc5 13. Bf1 Qd5 14. Qxd5
Nxd5 15. a3 Rfd8 16. Ne5 Rac8 17. b4 Nd7 18. Nxd7 Rxd7 19. c4 Bf6 20. Ra2 Ne7
21. Rd2 Rcd8 22. Red1 Rxd2 23. Rxd2 Rxd2 24. Bxd2 Bd4 25. g3 f5 26. Bg2 b6 27.
Kf1 e5 28. Ke2 Kf7 29. Bb7 Ke6 30. f3 g6 31. a4 Kd6 32. Bg5 Nc6 33. Bd2 Kc7 34.
Ba6 Bb2 35. Bb5 Nd4+ 36. Ke3 Nc6 37. Bxc6 Kxc6 38. Kd3 Bd4 39. f4 Kd6 40. fxe5+
Bxe5 41. Bf4 Bxf4 42. gxf4 Ke6 43. Kd4 h6 44. h4 Kf6 45. Kd5 g5 46. hxg5+ hxg5
47. fxg5+ Kxg5 48. c5 bxc5 49. bxc5 f4 50. Ke4 Kg4 51. c6 {Black resigns} 1-0 
aics%

[Event "Team 45 45 League T29"]
[Site "Internet Chess Club"]
[Date "2005.12.15"]
[Round "1"]
[White "Bort"]
[Black "fledermaus"]
[Result "1/2-1/2"]
[WhiteElo "1957"]
[BlackElo "1980"]
[TimeControl "2700+45"]

1. d4 Nf6 2. c4 e6 3. Nf3 d5 4. g3 c6 5. Bg2 Nbd7 6. O-O Bd6 7. Qc2 O-O 8. Nbd2
Qe7 9. Re1 c5 10. e4 dxe4 11. Nxe4 Nxe4 12. Rxe4 b6 13. Rh4 f5 14. Ng5 h6 15.
Nxe6 Nf6 16. Bxa8 Bxe6 17. Bg2 g5 18. Rxh6 Qg7 19. h4 Qxh6 20. hxg5 Qh5 21. gxf6
cxd4 22. Qd3 Be5 23. Bf3 Qf7 24. Bg5 Qg6 25. Re1 Bxf6 26. Bxf6 Rxf6 27. Rxe6
Rxe6 28. Bd5 Kh7 29. Bxe6 Qxe6 30. Qxd4 Kg6 31. Qd5 Qe2 32. Qg8+ Kf6 33. Qh8+
Kg6 34. Qc3 Qe4 35. a3 Qb1+ 36. Kh2 Qe4 37. b4 f4 38. gxf4 Kf7 39. Kg3 Qh1 40.
Qf3 Qg1+ 41. Qg2 Qc1 42. Qd5+ Kf6 43. Qd3 Qg1+ 44. Kf3 Qh1+ 45. Ke3 Qh3+ 46. f3
Qh1 47. Qd6+ Kf7 48. Qd5+ Kf6 49. Qg5+ Kf7 50. Qf5+ Ke7 51. c5 Qe1+ 52. Kd4 Qa1+
53. Kd5 Qd1+ 54. Kc6 Qxf3+ 55. Qd5 Qxa3 56. cxb6 axb6 57. Qd6+ Kf7 58. Kxb6 Qe3+
59. Kb7 Qe4+ 60. Kc8 Qa8+ 61. Qb8 Qa1 62. Qb7+ Ke8 63. b5 Qd4 64. Qc6+ Kf8 65.
Qh6+ Ke8 66. Qe6+ Kf8 67. Qf5+ Kg8 68. Qg5+ Kf7 69. Qh5+ Kf8 70. Qf5+ Kg8 71.
Qd7 Qc4+ 72. Qc6 Qxf4 73. Qe8+ Kg7 74. Qd7+ Kh6 75. b6 Qc4+ 76. Kd8 Kg5 77. b7
Qg8+ 78. Kc7 Qc4+ 79. Kb6 Qg8 80. Qb5+ Kh4 81. Qa4+ Kh3 82. Ka7 Qg1+ 83. Ka8 Qg2
84. Qd7+ Kh2 85. Qh7+ Kg1 86. Qb1+ Kh2 87. Qh7+ Kg1 88. Qb1+ Kh2 89. Qb3 Qc6 90.
Ka7 Qc5+ 91. Ka8 Qc6 {Game drawn by mutual agreement} 1/2-1/2  aics%

[Event "Team 45 45 League T29"]
[Site "Internet Chess Club"]
[Date "2005.12.15"]
[Round "1"]
[White "Chief-Justice"]
[Black "trivialpursuit"]
[Result "0-1"]
[WhiteElo "1840"]
[BlackElo "1940"]
[TimeControl "2700+45"]

1. e4 e5 2. Nf3 Nc6 3. Bb5 a6 4. Ba4 Nf6 5. O-O Be7 6. Re1 b5 7. Bb3 O-O 8. h3
Bb7 9. c3 d5 10. exd5 Nxd5 11. Nxe5 Nxe5 12. Rxe5 Nf4 13. d4 Nxg2 14. Qg4 Nh4
15. Nd2 Bf6 16. Re3 Bc8 17. Qe4 Bf5 18. Qd5 Qc8 19. Ne4 Bxe4 20. Qxe4 Qf5 21.
Bd5 Rae8 22. Qxe8 Qxd5 23. Qe4 Qd7 24. Qg4 Qd5 25. b3 h5 26. Qe4 Qd7 27. Ba3 Rd8
28. Rae1 g6 29. Qf4 Qc6 30. f3 Nf5 31. Rd3 Kg7 32. Bc5 h4 33. Rd2 Rh8 34. Qe4
Qd7 35. Ba3 Rh5 36. Kh2 Ng3 37. Qg4 Qd5 38. Rf2 a5 39. Bc1 Rf5 40. Bf4 c5 41.
Rd2 cxd4 42. cxd4 g5 43. Bxg3 hxg3+ 44. Kxg3 Rf4 45. Qh5 Rh4 46. Qxh4 gxh4+ 47.
Kg2 Qg5+ {White resigns} 0-1  aics%

[Event "Team 45 45 League T29"]
[Site "Internet Chess Club"]
[Date "2005.12.19"]
[Round "1"]
[White "forketta"]
[Black "Thorin"]
[Result "1-0"]
[WhiteElo "1902"]
[BlackElo "1835"]
[TimeControl "2700+45"]

1. d4 Nf6 2. c4 g6 3. Nc3 d5 4. cxd5 Nxd5 5. e4 Nxc3 6. bxc3 c5 7. Rb1 Qa5 8.
Bd2 Qxa2 9. Nf3 Bg7 10. Bb5+ Bd7 11. Be2 O-O 12. Rxb7 e6 13. Qc1 Bc6 14. Rb2 Qa4
15. Qb1 Nd7 16. O-O Rab8 17. Rxb8 Rxb8 18. Qd3 cxd4 19. cxd4 Bb5 20. Qe3 Bxe2
21. Qxe2 Rb2 22. Qd3 Qc2 23. Qe3 Nb6 24. Rc1 Rb1 25. Rxb1 Qxb1+ 26. Bc1 Nc4 27.
Qc3 Nd6 28. Nd2 Qb6 29. Nc4 Nxc4 30. Qxc4 Bxd4 31. Qc2 a5 32. h4 h5 33. Ba3 Qd8
34. Qd2 Bf6 35. Qf4 Kg7 36. g3 Qd4 37. Bc1 Qa1 38. Kg2 a4 39. g4 hxg4 40. Be3 a3
41. Qh6+ Kg8 42. h5 Bg7 43. Qg5 gxh5 44. Qd8+ Kh7 45. Qg5 Qf6 46. Qxh5+ Kg8 47.
Qa5 Qb2 48. Qd8+ Bf8 49. Bc5 Qg7 50. Bxa3 f6 51. Qxf8+ Qxf8 52. Bxf8 Kxf8 53.
Kg3 f5 54. exf5 exf5 55. Kf4 Kf7 56. Kxf5 Kg7 57. Kxg4 Kg6 58. Kf4 Kf6 59. Ke4
Ke6 60. f3 Kf6 61. Kf4 Ke6 62. Kg5 Kf7 63. Kf5 Ke7 64. Kg6 Kf8 65. Kf6 Ke8 66.
f4 Kf8 67. f5 {Black resigns} 1-0  aics%  trivialpursuit(340): whi now can
breath again aics%

[Event "Team 45 45 League T29"]
[Site "Internet Chess Club"]
[Date "2005.12.19"]
[Round "1"]
[White "Gandalf"]
[Black "DavidBarnsley"]
[Result "1/2-1/2"]
[WhiteElo "1916"]
[BlackElo "1992"]
[TimeControl "2700+45"]

1. d4 e6 2. Nf3 f5 3. g3 Nf6 4. Bg2 c6 5. O-O d5 6. c4 Bd6 7. Nc3 Ne4 8. Qc2 O-O
9. Ne5 Nd7 10. Bf4 Ndf6 11. cxd5 exd5 12. Nd3 Nxc3 13. bxc3 Be6 14. Bxd6 Qxd6
{Game drawn by mutual agreement} 1/2-1/2  aics%

[Event "Team 45 45 League T29"]
[Site "Internet Chess Club"]
[Date "2005.12.20"]
[Round "1"]
[White "buzzard"]
[Black "six-killer"]
[Result "1-0"]
[WhiteElo "1724"]
[BlackElo "1778"]
[TimeControl "2700+45"]

1. e4 c5 2. Nf3 d6 3. b4 cxb4 4. a3 bxa3 5. Nxa3 g6 6. h3 Bg7 7. c3 Nf6 8. Qc2
O-O 9. d4 a6 10. Bd3 Qc7 11. O-O b5 12. Nxb5 Qb7 13. Na3 Bd7 14. Nc4 d5 15. Rb1
Bb5 16. Ncd2 Bxd3 17. Qxd3 dxe4 18. Qc2 Qd5 19. Ne5 Nc6 20. Ndc4 Nxe5 21. Nxe5
Ne8 22. Bf4 f6 23. c4 Qe6 24. Ng4 h5 25. Ne3 f5 26. d5 Qc8 27. Rb6 Rf6 28. Rfb1
Nd6 29. Be5 Rf8 30. Bxd6 exd6 31. Rxd6 Rf6 32. Rxf6 Bxf6 33. Rb6 Qd8 34. c5 Kh7
35. d6 Bd4 36. Nd5 a5 37. Qc4 Bg7 38. Rb7 Kh8 39. Nf4 Qe8 40. d7 Qd8 41. Nxg6+
Kh7 42. Qf7 Qf6 43. Qxf6 Bxf6 44. d8=Q+ {Black resigns} 1-0  aics%

[Event "Team 45 45 League T29"]
[Site "Internet Chess Club"]
[Date "2005.12.18"]
[Round "1"]
[White "RD1974"]
[Black "Chessnut"]
[Result "0-1"]
[WhiteElo "1694"]
[BlackElo "1787"]
[TimeControl "2700+45"]

1. e4 e5 2. Bc4 Nf6 3. d3 h6 4. f4 Bc5 5. fxe5 Nxe4 6. Bxf7+ Kxf7 7. Qf3+ Nf6 8.
exf6 Qxf6 9. Qd5+ Qe6+ 10. Qxe6+ Kxe6 11. Ne2 Rf8 12. d4 Bb6 13. Nbc3 c6 14. Bd2
Kf7 15. g4 Kg8 16. O-O-O d5 17. Rhg1 Bc7 18. h4 Nd7 19. Rdf1 Rxf1+ 20. Rxf1 Nb6
21. g5 hxg5 22. Bxg5 Bd7 23. Nf4 Rf8 24. b3 Nc8 25. h5 Rf5 26. Rg1 Bxf4+ 27.
Bxf4 Rxf4 28. h6 Rf7 29. hxg7 Rxg7 30. Re1 Nd6 31. Nd1 Ne4 32. Kb2 Kf8 33. a3
Ke7 34. Nf2 Bf5 35. Nd3 Kd7 36. Nc5+ Kc7 37. Nd3 Bh7 38. Rh1 Nd6 39. Nf4 Re7 40.
Rh6 Kd7 41. a4 Nf5 42. Rh2 Nxd4 43. Nd3 Bxd3 44. cxd3 Re2+ 45. Rxe2 Nxe2 46. Kc2
Kd6 47. Kd2 Nf4 48. Ke3 Ne6 49. b4 b6 50. d4 c5 51. bxc5+ bxc5 52. dxc5+ Kxc5
53. Kd3 a5 54. Kc3 d4+ {White resigns} 0-1  aics%

[Event "Team 45 45 League T29"]
[Site "Internet Chess Club"]
[Date "2005.12.20"]
[Round "1"]
[White "hondocando"]
[Black "tourettes"]
[Result "0-1"]
[WhiteElo "1591"]
[BlackElo "1820"]
[TimeControl "2700+45"]

1. e4 c5 2. Nf3 d6 3. d4 cxd4 4. Nxd4 Nf6 5. Bd3 a6 6. a4 e6 7. h3 Be7 8. O-O
O-O 9. b3 Nc6 10. Bb2 Qc7 11. Nd2 Ne5 12. Rc1 b6 13. N2f3 Ng6 14. Ne2 Bb7 15.
Nd2 Nd7 16. Re1 Bf6 17. Nd4 Qc5 18. N2f3 Nde5 19. c3 Nxd3 20. Qxd3 Rfd8 21. b4
Qc7 22. c4 Ne5 23. Qe2 Nxf3+ 24. Nxf3 Bxb2 25. Qxb2 Qd7 26. b5 axb5 27. axb5 Ra5
28. Qd4 Qc7 29. Red1 Raa8 30. Ra1 Rxa1 31. Rxa1 d5 32. Rd1 f6 33. Ne1 Qc5 34.
Nc2 Kf7 35. Ne3 Qxd4 36. Rxd4 e5 37. Rd1 d4 38. Nd5 f5 39. f3 Rd6 40. Kf2 Bxd5
41. cxd5 f4 42. Rc1 Rd7 43. Rc6 Ra7 44. Rxb6 Ra2+ 45. Kf1 d3 46. Re6 Rxg2 47.
Ke1 Rb2 48. Rxe5 Rxb5 49. Rf5+ Ke7 50. Rxf4 Kd6 51. Kd2 Ke5 52. Rf7 Kd4 53. Rc7
Rb2+ 54. Kc1 d2+ 55. Kd1 Kd3 56. Rc1 dxc1=Q+ 57. Kxc1 Rb8 58. h4 Ke3 59. Kc2
Kxf3 60. Kd3 Kf4 61. Kd4 Re8 62. d6 Rxe4+ 63. Kd5 Re5+ 64. Kc6 Re6 65. Kd5 Rxd6+
66. Kxd6 g5 67. hxg5 Kxg5 68. Ke5 h5 69. Ke4 Kg4 70. Ke3 Kg3 71. Ke2 Kg2 {White
resigns} 0-1  aics%

[Event "Team 45 45 League T29"]
[Site "Internet Chess Club"]
[Date "2005.12.19"]
[Round "1"]
[White "kingfischer57"]
[Black "nanning"]
[Result "1-0"]
[WhiteElo "1793"]
[BlackElo "1601"]
[TimeControl "2700+45"]

1. d4 d5 2. c4 c6 3. Nf3 Nf6 4. Nc3 a6 5. cxd5 cxd5 6. g3 Nc6 7. Bg2 e6 8. Bg5
h6 9. Bf4 Bb4 10. O-O Bxc3 11. bxc3 b5 12. a4 Ne4 13. axb5 Nxc3 14. Qc2 Nxe2+
15. Qxe2 Na5 16. Qc2 Nc4 17. bxa6 Bxa6 18. Qa4+ Ke7 19. Qc6 Qc8 20. Qxc8 Rhxc8
21. Rfb1 Rc6 22. Ne5 Nxe5 23. Bxe5 f6 24. Bf4 Rac8 25. Bf1 Bxf1 26. Kxf1 Rc4 27.
Rb7+ Kf8 28. Be3 e5 29. dxe5 fxe5 30. Raa7 Rg4 31. h3 Rg6 32. Bc5+ Kg8 33. Be3
d4 34. Bd2 d3 35. Re7 Rc2 36. Ke1 Rc5 37. Ra8+ Kh7 38. Rd8 h5 39. Rxd3 Rf6 40.
Rdd7 Rg6 41. Kf1 Kg8 42. Rd8+ Kh7 43. Rde8 Rc2 44. Be3 {Black resigns} 1-0 
aics%

[Event "Team 45 45 League T29"]
[Site "Internet Chess Club"]
[Date "2005.12.16"]
[Round "1"]
[White "David-Carioca"]
[Black "sophia101"]
[Result "1-0"]
[WhiteElo "1537"]
[BlackElo "1706"]
[TimeControl "2700+45"]

1. d4 Nf6 2. c4 e6 3. Nc3 Bb4 4. e3 Ne4 5. Qc2 d5 6. a3 Bxc3+ 7. bxc3 O-O 8.
cxd5 exd5 9. Bd3 f5 10. Nf3 Nd7 11. O-O b6 12. c4 c6 13. Nd2 Ndf6 14. f3 Nxd2
15. Bxd2 g6 16. Rf2 Be6 17. Raf1 Qd7 18. e4 dxe4 19. fxe4 fxe4 20. Bxe4 Qxd4 21.
Bxg6 Qxc4 22. Bc3 Qc5 23. Kh1 Bc4 24. Bxh7+ Kh8 25. Rxf6 {Black forfeits on
time} 1-0  aics%

[Event "Team 45 45 League T29"]
[Site "Internet Chess Club"]
[Date "2005.12.18"]
[Round "1"]
[White "hattrick"]
[Black "Ozgur-Bjk"]
[Result "0-1"]
[WhiteElo "2063"]
[BlackElo "2119"]
[TimeControl "2700+45"]

1. e4 c5 2. Nf3 d6 3. d4 cxd4 4. Nxd4 Nf6 5. Nc3 a6 6. Bg5 e6 7. f4 Be7 8. Qf3
Qc7 9. O-O-O Nbd7 10. g4 b5 11. Bxf6 gxf6 12. f5 Ne5 13. Qh3 O-O 14. Rg1 Kh8 15.
Nce2 Rg8 16. Rg3 Bd7 17. Nf4 Rac8 18. Rd2 Qa5 19. fxe6 fxe6 20. Nfxe6 Bxe6 21.
Nxe6 Qxa2 {White disconnected and forfeits} 0-1  aics%

[Event "Team 45 45 League T29"]
[Site "Internet Chess Club"]
[Date "2005.12.20"]
[Round "1"]
[White "trevor21"]
[Black "DeLaSalle"]
[Result "1-0"]
[WhiteElo "2058"]
[BlackElo "1998"]
[TimeControl "2700+45"]

1. d4 b6 2. c4 e6 3. Nc3 Bb7 4. Bf4 f5 5. e3 Nf6 6. Nf3 Bb4 7. Bd3 O-O 8. O-O
Nh5 9. Bg5 Be7 10. Bxe7 Qxe7 11. a3 a5 12. Qe2 Nf6 13. Rab1 d6 14. b4 axb4 15.
axb4 Nbd7 16. Ra1 Be4 17. Bxe4 Nxe4 18. Qb2 Nxc3 19. Qxc3 Nf6 20. Ra3 Ne4 21.
Qb2 Rxa3 22. Qxa3 g5 23. Ra1 g4 24. Ne1 f4 25. exf4 Rxf4 26. Qe3 Qf7 27. Nd3 Nc3
28. Nxf4 Qxf4 29. Qxc3 {Black resigns} 1-0  aics%  Invicta-Knight(345): Ijust
know Booze is talking teamnames again aics%

[Event "Team 45 45 League T29"]
[Site "Internet Chess Club"]
[Date "2005.12.17"]
[Round "1"]
[White "Zornorph"]
[Black "adingod"]
[Result "1/2-1/2"]
[WhiteElo "1949"]
[BlackElo "2067"]
[TimeControl "2700+45"]

1. c4 Nf6 2. Nc3 d5 3. cxd5 Nxd5 4. g3 g6 5. Bg2 Nb6 6. d3 Bg7 7. h4 Nc6 8. h5
Bd7 9. hxg6 hxg6 10. Rxh8+ Bxh8 11. Bg5 f6 12. Qb3 e6 13. Be3 Qe7 14. Nf3 g5 15.
Nd2 f5 16. Nc4 Nxc4 17. Qxc4 Be5 18. Qb5 Qb4 19. Qxb4 Nxb4 20. Kd1 f4 21. gxf4
gxf4 22. Bc5 Nc6 23. Be4 O-O-O 24. Kd2 b6 25. Ba3 Na5 26. Rg1 Bc6 27. Kc2 Bxe4
28. Nxe4 c5 29. Rg6 Nc6 30. Ng5 Re8 31. b3 Kd7 32. Nf3 Nd4+ 33. Nxd4 Bxd4 34.
Bc1 Rf8 35. f3 Kd6 36. Bb2 Bxb2 37. Kxb2 Rf7 38. Kc3 Kd5 39. Rg8 Rd7 40. Rg5+ e5
41. Rg8 b5 42. a4 bxa4 43. bxa4 Rb7 44. Rd8+ Kc6 45. Rc8+ Kd6 46. Rd8+ Ke6 47.
Rc8 Rb4 48. Rc6+ Kd5 49. Ra6 Rb7 50. Rh6 Rb6 51. Rh8 Rb4 52. Rd8+ Ke6 53. a5 Rb5
54. a6 Rb6 55. Kc4 Rxa6 56. Kxc5 Ra5+ 57. Kc4 Ra2 58. Re8+ Kd6 59. d4 Ra4+ 60.
Kc3 Rxd4 61. Rd8+ Kc5 62. Rc8+ Kb6 63. Rb8+ Kc7 64. Rb5 Ra4 65. Rxe5 Kd6 66. Re8
a5 67. Kb3 Rb4+ 68. Kc3 Rb5 69. Re4 Rf5 70. Kb3 Re5 {Game drawn by mutual
agreement} 1/2-1/2  aics%

[Event "Team 45 45 League T29"]
[Site "Internet Chess Club"]
[Date "2005.12.20"]
[Round "1"]
[White "Div-anand"]
[Black "Irvin"]
[Result "1-0"]
[WhiteElo "1938"]
[BlackElo "1783"]
[TimeControl "2700+45"]

1. e4 c5 2. Nf3 d6 3. Bb5+ Bd7 4. Bxd7+ Qxd7 5. d4 cxd4 6. Nxd4 g6 7. Be3 Bg7 8.
Nc3 Nc6 9. Qd2 Nf6 10. f4 Ng4 11. Bg1 O-O 12. h3 Nh6 13. O-O-O f5 14. Be3 fxe4
15. Rhf1 Nf5 16. Nxf5 Qxf5 17. g4 Qe6 18. Qd5 Qxd5 19. Nxd5 Rac8 20. f5 Be5 21.
Kb1 Rfe8 22. f6 exf6 23. Nxf6+ Bxf6 24. Rxf6 Ne5 25. b3 Nf7 26. Kb2 a6 27. Rd4
Rcd8 28. a4 Kg7 29. g5 Nxg5 30. Bxg5 h6 31. Rxg6+ Kxg6 32. Bxd8 Rxd8 33. Rxe4
Rd7 34. Rd4 Kf5 35. a5 d5 36. Kc3 Ke5 37. Rh4 Rd6 38. Kd3 Rf6 39. Rh5+ Kd6 40.
Kd4 Rf4+ 41. Ke3 Rf6 42. c3 Re6+ 43. Kd3 Rf6 44. Ke3 Re6+ 45. Kd4 Re4+ 46. Kd3
Re6 47. Rh4 Rg6 48. Kd4 Re6 49. Rf4 Kc6 50. h4 Kd6 51. h5 Kc6 52. Rg4 Kd6 53.
Rf4 Kc6 54. Rg4 Kd6 55. b4 Kc6 56. Rg6 Kd6 57. Rxe6+ Kxe6 58. Kc5 Kf5 59. Kb6
Kg5 60. Kxb7 Kxh5 61. b5 d4 62. cxd4 Kg4 63. bxa6 h5 64. a7 h4 65. a8=Q h3 66.
Kb6 {Black resigns} 1-0  aics%

[Event "Team 45 45 League T29"]
[Site "Internet Chess Club"]
[Date "2005.12.18"]
[Round "1"]
[White "BaroneRosso"]
[Black "Zillmer"]
[Result "1/2-1/2"]
[WhiteElo "2040"]
[BlackElo "2098"]
[TimeControl "2700+45"]

1. d4 d5 2. c4 e6 3. Nf3 c5 4. cxd5 exd5 5. g3 Nc6 6. Bg2 Nf6 7. O-O Be7 8. Nc3
O-O 9. Bg5 cxd4 10. Nxd4 h6 11. Be3 Re8 12. Rc1 Bf8 13. a3 Bg4 14. h3 Be6 15.
Nxc6 bxc6 16. Bd4 c5 17. Bxf6 Qxf6 18. Nxd5 Qxb2 19. Qa4 Rad8 20. e4 Bxd5 21.
exd5 Re2 22. Qxa7 Bd6 23. Rb1 Qc2 24. Rbc1 Qb2 25. Rb1 Qc2 26. Rbc1 Qb2 27. Rb1
{Game drawn by repetition} 1/2-1/2  aics%